 Dungeon Crawl Stone Soup version 0.21-a0-216-g6d3fd91 (webtiles) character file.

148895 tehllama the Grappler (level 17, -1/146 HPs)
             Began as an Octopode Transmuter on Aug 23, 2017.
             Was the Champion of Cheibriados.
             Slain by a slime creature (14 damage)
             ... on level 15 of the Dungeon.
             The game lasted 02:45:58 (44434 turns).

tehllama the Grappler (Octopode Transmuter)        Turns: 44434, Time: 02:45:58

Health: -1/146     AC: 30    Str: 30    XL:     17   Next: 50%
Magic:  36/36      EV: 23    Int: 34    God:    Cheibriados [******]
Gold:   362        SH: 13    Dex: 28    Spells: 7/30 levels left

rFire    + . .     SeeInvis +     - Unarmed
rCold    + + .     Gourm    .   S - +2 buckler
rNeg     + + .     Faith    .   y - +1 hat
rPois    ∞         Spirit   .   J - amulet "Halolet" {Reflect Int+3 SH+3}
rElec    +         Reflect  +   Y - ring of wizardry
rCorr    +         Harm     .   s - ring of Tymissu {rElec MP+9}
MR       +....                  r - ring of see invisible
Stlth    +++++++...             m - ring of resist corrosion
HPRegen  0.34/turn              B - ring of protection from fire
MPRegen  0.25/turn              x - ring of protection from cold
                                f - ring of positive energy
                                Z - ring of protection from cold

@: statue-form, very slow
A: almost no armour, stealthy swim, amphibious, 8 rings, constrict 8, camouflage
1
a: End Transformation, Bend Time, Temporal Distortion, Slouch, Step From Time,
Renounce Religion


You were on level 15 of the Dungeon.
You worshipped Cheibriados.
Cheibriados was exalted by your worship.
You were hungry.
You were a stone statue.
You visited 5 branches of the dungeon, and saw 26 of its levels.
You also visited: Ossuary.

You collected 9583 gold pieces.
You spent 3097 gold pieces at shops.
You paid 6124 gold pieces to Gozag.

Inventory:

Missiles
 a - 854 arrows
 t - 5 steel tomahawks (quivered)
Armour
 l - a +0 shield of reflection
 y - a +1 hat (worn)
 S - a +2 buckler (worn)
Magical Staves
 C - an uncursed staff of death
Jewellery
 f - a ring of positive energy (on tentacle)
 k - an uncursed ring of wizardry
 m - a ring of resist corrosion (on tentacle)
 p - an uncursed ring of poison resistance
 r - a ring of see invisible (on tentacle)
 s - the ring of Tymissu (right tentacle) {rElec MP+9}
   (You acquired it on level 15 of the Dungeon)

   [ring of magical power]

   It insulates you from electricity.
   It affects your magic capacity (+9).
 x - a ring of protection from cold (on tentacle)
 B - a ring of protection from fire (on tentacle)
 I - an uncursed amulet of the gourmand
 J - the amulet "Halolet" (around mantle) {Reflect Int+3 SH+3}
   (You bought it in a shop on level 2 of the Elven Halls)

   [amulet of reflection]

   It shields you and reflects attacks.
   It affects your intelligence (+3).
   It affects your SH (+3).
 Y - a ring of wizardry (left tentacle)
 Z - a ring of protection from cold (on tentacle)
Wands
 u - a wand of iceblast (9/15)
 w - a wand of disintegration (8/24)
 A - a wand of digging (7/24)
Scrolls
 b - 4 scrolls of identify
 e - 2 scrolls of recharging
 g - a scroll of magic mapping
 j - 2 scrolls of fear
 q - 6 scrolls of remove curse
 P - 3 scrolls of fog
 U - 3 scrolls of teleportation
Potions
 d - 8 potions of brilliance
 i - 4 potions of agility
 n - 2 potions of heal wounds
 o - 8 potions of curing
 z - 3 potions of resistance
 E - a potion of lignification
Books
 K - a book of the Earth

   Spells                             Type                      Level
   a - Leda's Liquefaction            Hexes/Earth                  4
   b - Bolt of Magma                  Conjuration/Fire/Earth       5
   c - Statue Form                    Transmutation/Earth          6
   d - Iron Shot                      Conjuration/Earth            6
   e - Shatter                        Earth                        9
 Q - a book of Callings

   Spells                             Type                      Level
   a - Summon Small Mammal            Summoning                    1
   b - Call Imp                       Summoning                    2
   c - Call Canine Familiar           Summoning                    3
   d - Summon Guardian Golem          Hexes/Summoning              3
   e - Summon Lightning Spire         Summoning/Air                4
   f - Summon Ice Beast               Ice/Summoning                4
 R - a book of Battle

   Spells                             Type                      Level
   a - Infusion                       Charms                       1
   b - Shroud of Golubria             Charms/Translocation         2
   c - Song of Slaying                Charms                       2
   d - Spectral Weapon                Hexes/Charms                 3
   e - Regeneration                   Charms/Necromancy            3
Miscellaneous
 T - a lamp of fire
 X - a lightning rod (4/4)
Comestibles
 c - 3 bread rations
 h - a chunk of flesh
 G - 3 royal jellies
 H - 3 meat rations
 N - 4 fruits


   Skills:
 + Level 9.5 Fighting
 + Level 10.0 Dodging
 - Level 13.2 Stealth
 + Level 8.1 Shields
 * Level 14.1 Unarmed Combat
 + Level 7.0 Spellcasting
 - Level 2.0 Summonings
 + Level 2.4 Necromancy
 + Level 13.9 Transmutations
 - Level 3.5 Ice Magic
 + Level 11.9 Earth Magic
 - Level 3.1 Poison Magic
 + Level 4.5 Invocations
 - Level 4.9 Evocations


You had 7 spell levels left.
You knew the following spells:

 Your Spells              Type           Power        Failure   Level  Hunger
a - Beastly Appendage     Tmut           ######       0%          1    None
b - Sticks to Snakes      Tmut           #######.     0%          2    None
c - Spider Form           Tmut/Pois      ######....   1%          3    None
d - Ice Form              Ice/Tmut       ######..     1%          4    #......
e - Summon Ice Beast      Ice/Summ       ####....     4%          4    #......
f - Statue Form           Tmut/Erth      #######..    1%          6    ######.
g - Regeneration          Chrm/Necr      ###.......   2%          3    None


Dungeon Overview and Level Annotations

Branches:
Dungeon (15/15)            Temple (1/1) D:4            Lair (6/6) D:11
 Shoals (0/4) Lair:4       Spider (0/4) Lair:4        Slime (0/5) Lair:6
    Orc (2/2) D:11            Elf (2/3) Orc:2        Vaults (0/5) D:14
 Depths: D:15

Altars:
Ashenzari
Cheibriados
Dithmenos
Elyvilon
Fedhas
Gozag
Hepliaklqana
Kikubaaqudgha
Makhleb
Nemelex Xobeh
Okawaru
Qazlal
Ru
Sif Muna
Trog
Uskayaw
Vehumet
Wu Jian
Xom
Yredelemnul
Zin
The Shining One
Beogh
Jiyva

Shops:
D:7 *   D:9 *   D:10 *   D:11 [:=   Orc:2 ![!=   Elf:2 *   Lair:1 %**?

Annotations:
D:8 exclusion: ice statue
Lair:6 exclusion: oklob plant
Elf:2 5 runed doors


Innate Abilities, Weirdness & Mutations

You cannot wear most types of armour.
You are very stealthy in the water. (Stealth+)
You are amphibious.
You can wear up to eight rings at the same time.
You can use your tentacles to constrict eight enemies at once.
Your skin changes colour to match your surroundings (Stealth+).
((Your rubbery body absorbs attacks. (AC +1, EV +1)))


Message History

You batter the slime creature!! You squeeze the slime creature!!
You kill the slime creature!
Cheibriados thoroughly appreciates the change of pace.
The slime creature barely misses you. x2
You block the slime creature's attack.
You thrash the slime creature!!!
Your tentacle-slap misses the slime creature.
You squeeze the slime creature!
The slime creature is almost dead.
The slime creature closely misses you.
The slime creature completely misses you.
The slime creature hits you but does no damage.
The slime creature hits you!
* * * LOW HITPOINT WARNING * * *
You tentacle-slap the slime creature.
The slime creature is almost dead.
The slime creature hits you!!
* * * LOW HITPOINT WARNING * * *
You block the slime creature's attack. The slime creature hits you!
You die...

.#...##[...
...........#.?......(...
........................
.......................#
..............$........#
........................
........................
...†.............J......
................8J......
................./!.....
........................
........................
#####................#..
#...#......#.........# .
#..........#######...#
#..........# ####
###........#


You could see 2 slime creatures.

Vanquished Creatures
  Donald (Elf:1)
  A deep elf demonologist (Elf:1)
  A deep elf annihilator (Elf:1)
  A deep elf death mage (Elf:1)
  3 vault guards (D:14)
  10 hydras
  A merfolk avatar (Lair:6)
  4 centaur warriors
  A catoblepas (Lair:5)
  13 two-headed ogres
  10 death yaks
  12 dancing weapons
  4 ogre magi (Orc:2)
  3 tengu warriors
  13 deep elf knights
  A shock serpent (shapeshifter) (D:13)
  A deep troll (shapeshifter) (Elf:2)
  A sea snake (Lair:6)
  An unseen horror (D:11)
  2 lindwurms (Lair:4)
  2 necromancers (D:14)
  17 deep elf archers
  An orc knight (Orc:1)
  A harpy (Lair:6)
  A wolf spider (Lair:5)
  35 deep elf magi
  3 cyclopes
  2 manticores
  8 ugly things
  13 elephants
  A merfolk siren (Lair:4)
  A black mamba (shapeshifter) (Elf:1)
  4 black mambas
  4 centaur skeletons
  2 torpor snails
  11 spiny frogs
  A molten gargoyle (Lair:1)
  2 gargoyles (D:12)
  3 rime drakes
  2 efreet
  5 komodo dragons
  A kobold demonologist (D:13)
  A tengu conjurer (D:13)
  4 trolls
  5 hornets
  9 hippogriffs
  A wind drake (Lair:6)
  6 polar bears
  11 slime creatures
  5 blink frogs
  5 dream sheep
  A redback (D:13)
  A spriggan (Lair:2)
  2 shadows
  5 wraiths
  5 air elementals
  2 water elementals (Elf:1)
  9 wyverns
  60 yaks
  4 hungry ghosts
  2 basilisks
  20 humans (D:14)
  2 fire elementals
  A steam dragon (Lair:3)
  3 wargs
  5 vampire mosquitoes
  A soldier ant (shapeshifter) (D:13)
  2 hell hounds (D:11)
  17 water moccasins
  11 orc warriors
  A floating eye (D:11)
  10 porcupines
  3 black bears
  3 ice beasts
  5 sky beasts
  An eye of draining (D:8)
  A necrophage (D:13)
  38 ogres
  4 phantoms
  11 centaurs
  15 wolves
  24 crocodiles
  4 big kobolds
  3 elf zombies (Ossuary)
  19 bullfrogs
  An earth elemental (Elf:2)
  A wyvern skeleton (D:8)
  7 scorpions
  19 wights
  5 howler monkeys
  6 crimson imps
  2 bullfrog zombies
  7 centaur zombies
  A lava snake (Lair:1)
  5 jellies
  Crazy Yiuf (D:7)
  16 orc priests
  7 hounds
  8 human zombies
  31 orc wizards
  A bullfrog skeleton (D:5)
  3 human skeletons (D:13)
  5 iguanas
  13 worker ants
  3 hound skeletons
  3 mummies
  3 worker ant zombies
  2 gnolls (D:5)
  A howler monkey skeleton (D:6)
  15 adders
  6 shadow imps
  3 oozes
  2 adder skeletons (D:4)
  2 worms (D:3)
  2 dart slugs (D:4)
  7 leopard geckos
  115 orcs
  7 giant cockroaches
  5 goblins
  7 hobgoblins
  8 jackals
  35 kobolds
  5 quokkas
  5 ball pythons
  5 bats
  2 frilled lizards
  3 quokka skeletons
  8 rats
939 creatures vanquished.

Vanquished Creatures (collateral kills)
  Gastronok (Lair:1)
  A hydra (D:11)
  A catoblepas (Lair:4)
  3 two-headed ogres
  3 death yaks (Lair:5)
  A deep elf archer (Elf:1)
  An orb spider (Lair:4)
  An elephant (Lair:6)
  2 blink frogs (Lair:6)
  3 dream sheep (Lair:6)
  A yak (Lair:6)
  A basilisk (Lair:1)
  A wolf (Lair:6)
  A centaur zombie (Ossuary)
  2 human zombies (Ossuary)
  A mummy (Ossuary)
  A gnoll (D:5)
  3 orcs
  A kobold (D:11)
  A fungus (Lair:5)
30 creatures vanquished.

Vanquished Creatures (others)
  Nessos (D:12)
  3 dancing weapons (Elf:1)
  23 fungi
  52 plants
79 creatures vanquished.

Grand Total: 1048 creatures vanquished

Notes
Turn   | Place    | Note
-------+----------+-------------------------------------------
     0 | D:1      | tehllama the Octopode Transmuter began the quest for the Orb.
     0 | D:1      | Reached XP level 1. HP: 13/13 MP: 3/3
   251 | D:1      | Reached XP level 2. HP: 18/18 MP: 5/5
   567 | D:1      | Reached skill level 4 in Unarmed Combat
   571 | D:1      | Reached XP level 3. HP: 20/23 MP: 6/6
   855 | D:1      | Learned a level 2 spell: Sticks to Snakes
   859 | D:1      | Learned a level 3 spell: Spider Form
  1283 | D:2      | Found an opulent altar of Gozag.
  1324 | D:2      | Became a worshipper of Gozag Ym Sagoz the Greedy
  1342 | D:2      | Reached skill level 1 in Stealth
  1418 | D:2      | Reached XP level 4. HP: 28/28 MP: 7/7
  1901 | D:2      | Found a hazy altar of Hepliaklqana.
  1904 | D:2      | Found an opulent altar of Gozag.
  1907 | D:2      | Found a shattered altar of Ashenzari.
  2693 | D:3      | Reached skill level 5 in Unarmed Combat
  2693 | D:3      | Reached XP level 5. HP: 24/33 MP: 8/8
  3496 | D:4      | Reached XP level 6. HP: 32/38 MP: 9/9
  3846 | D:4      | Reached skill level 5 in Stealth
  3998 | D:4      | Reached skill level 1 in Poison Magic
  3998 | D:4      | Reached XP level 7. HP: 27/43 MP: 10/10
  4164 | D:4      | Found a staircase to the Ecumenical Temple.
  4986 | D:5      | Entered Level 5 of the Dungeon
  5066 | D:5      | Reached skill level 6 in Unarmed Combat
  5264 | D:5      | Found a burning altar of Makhleb.
  5666 | D:5      | Reached XP level 8. HP: 48/50 MP: 12/12
  5976 | D:6      | Found a blossoming altar of Fedhas.
  5976 | D:6      | Found a sand-covered staircase.
  5988 | Ossuary  | Entered an ossuary
  6784 | D:5      | Learned a level 4 spell: Ice Form
  6975 | D:5      | Found a shadowy altar of Dithmenos.
  7228 | D:5      | Reached skill level 7 in Unarmed Combat
  7456 | D:6      | Reached skill level 5 in Transmutations
  7456 | D:6      | Reached skill level 1 in Evocations
  7456 | D:6      | Reached XP level 9. HP: 39/56 MP: 11/13
  8668 | D:6      | You fall through a shaft!
  8772 | D:6      | Reached skill level 1 in Ice Magic
  9537 | D:7      | Noticed a centaur warrior
  9553 | D:7      | Killed a centaur warrior
  9553 | D:7      | Reached skill level 8 in Unarmed Combat
  9789 | D:7      | Reached XP level 10. HP: 19/63 MP: 14/16
 10234 | D:7      | Found Xodallayk's General Store.
 10242 | D:7      | Bought a scroll of identify for 22 gold pieces
 10242 | D:7      | Bought a scroll of identify for 22 gold pieces
 10242 | D:7      | Bought a meat ration for 55 gold pieces
 10242 | D:7      | Bought a scroll of identify for 22 gold pieces
 10514 | D:7      | Found a runed door.
 10519 | D:7      | Noticed Crazy Yiuf
 10524 | D:7      | Killed Crazy Yiuf
 10604 | D:7      | Bought a royal jelly for 28 gold pieces
 10604 | D:7      | Bought a royal jelly for 28 gold pieces
 10604 | D:7      | Bought a royal jelly for 28 gold pieces
 10615 | D:8      | Got a scintillating bronze ring
 11231 | D:8      | Identified the ring of Ninguwn {Wiz +Fly Str-4 Dex+4} (You found it on level 8 of the Dungeon)
 11253 | D:8      | Reached skill level 5 in Dodging
 11287 | D:8      | Noticed an ice statue
 11321 | D:8      | Reached skill level 1 in Shields
 11919 | D:9      | Found an ancient bone altar of Kikubaaqudgha.
 11991 | D:9      | Noticed a two-headed ogre
 12018 | D:9      | Killed a two-headed ogre
 12280 | D:10     | Entered Level 10 of the Dungeon
 12493 | D:9      | Reached skill level 9 in Unarmed Combat
 12795 | D:9      | Reached XP level 11. HP: 70/70 MP: 14/18
 13512 | D:9      | Reached skill level 5 in Fighting
 13653 | D:10     | Noticed a white ugly thing
 13673 | D:10     | Killed a white ugly thing
 13927 | D:10     | Noticed a two-headed ogre
 13940 | D:10     | Noticed a two-headed ogre
 13949 | D:10     | Killed a two-headed ogre
 13949 | D:10     | Reached skill level 5 in Spellcasting
 13960 | D:10     | Killed a two-headed ogre
 15411 | D:10     | Bought a metal-bound book for 435 gold pieces
 15416 | D:10     | Learned a level 4 spell: Summon Ice Beast
 15998 | D:11     | Noticed a two-headed ogre
 16005 | D:11     | Killed a two-headed ogre
 16005 | D:11     | Reached skill level 10 in Unarmed Combat
 16005 | D:11     | Reached skill level 1 in Summonings
 16033 | D:11     | Reached XP level 12. HP: 44/77 MP: 20/20
 16284 | D:11     | Found Avvaaff's Jewellery Shoppe.
 16354 | D:11     | Noticed an eight-headed hydra
 16373 | D:11     | Found a staircase to the Orcish Mines.
 16839 | D:11     | HP: 2/78 [efreet/scimitar of flaming (4)]
 16841 | D:11     | Found Kahileg's Book Emporium.
 16841 | D:11     | Found a staircase to the Lair.
 17066 | D:11     | Paralysed by a hornet for 2 turns
 17474 | Lair:1   | Entered Level 1 of the Lair of Beasts
 17798 | Lair:1   | Noticed Gastronok
 17824 | Lair:1   | Killed Gastronok
 18772 | Lair:2   | Noticed an eight-headed hydra
 19091 | Lair:3   | Reached skill level 10 in Stealth
 19475 | D:11     | Bought a book of Transfigurations for 880 gold pieces
 19482 | D:11     | Learned a level 6 spell: Statue Form
 19711 | Lair:3   | Reached skill level 1 in Earth Magic
 19827 | Lair:3   | Reached skill level 10 in Transmutations
 20377 | Lair:4   | Noticed an eight-headed hydra
 20581 | Lair:4   | Noticed a seven-headed hydra
 20700 | Lair:4   | Noticed a five-headed hydra
 21117 | Lair:4   | Reached XP level 13. HP: 52/83 MP: 22/22
 21119 | Lair:4   | Reached skill level 5 in Earth Magic
 22236 | Lair:4   | Got a fine halberd
 22240 | Lair:4   | Identified the +1 halberd of Obsession {drain, rN+ Str+5 Int+2} (You found it on level 4 of the Lair of Beasts)
 23490 | Lair:5   | Found a sacrificial altar of Ru.
 25758 | Lair:4   | Found a staircase to the Shoals.
 26265 | Lair:2   | Reached skill level 10 in Earth Magic
 26359 | Lair:1   | Bought a scroll of identify for 28 gold pieces
 26359 | Lair:1   | Bought a scroll of identify for 28 gold pieces
 26359 | Lair:1   | Bought a scroll of identify for 28 gold pieces
 26850 | Lair:2   | Reached XP level 14. HP: 84/90 MP: 21/23
 27626 | Lair:4   | Found a hole to the Spider Nest.
 27928 | Lair:6   | Entered Level 6 of the Lair of Beasts
 28727 | Lair:5   | Reached skill level 11 in Unarmed Combat
 29160 | Lair:6   | Found a viscous altar of Jiyva.
 29160 | Lair:6   | Found a staircase to the Slime Pits.
 29899 | D:7      | Bought a royal jelly for 28 gold pieces
 29899 | D:7      | Bought a royal jelly for 28 gold pieces
 29899 | D:7      | Bought a bread ration for 70 gold pieces
 29899 | D:7      | Bought a meat ration for 70 gold pieces
 29899 | D:7      | Bought a meat ration for 70 gold pieces
 29899 | D:7      | Bought a bread ration for 70 gold pieces
 29899 | D:7      | Bought a meat ration for 70 gold pieces
 29899 | D:7      | Bought a meat ration for 70 gold pieces
 29899 | D:7      | Bought a meat ration for 70 gold pieces
 32230 | Lair:6   | Got an ancient rapier
 32365 | Lair:6   | Reached XP level 15. HP: 97/97 MP: 25/25
 32793 | Lair:1   | Bought a scroll labeled BOPTIB RIATS for 28 gold pieces
 32793 | Lair:1   | Bought a scroll of blinking for 210 gold pieces
 32793 | Lair:1   | Bought a scroll of identify for 56 gold pieces
 32801 | Lair:1   | Identified the +4 rapier of Jeorghod {freeze, rPois rF- Str+5} (You found it on level 6 of the Lair of Beasts)
 32875 | D:11     | Found Cynovuna's Antique Armour Emporium.
 34060 | Orc:1    | Entered Level 1 of the Orcish Mines
 34408 | Orc:2    | Entered Level 2 of the Orcish Mines
 35070 | Orc:2    | Found a staircase to the Elven Halls.
 35151 | Orc:2    | Found a roughly hewn altar of Beogh.
 35195 | Orc:2    | Reached skill level 12 in Unarmed Combat
 35312 | Orc:2    | Reached skill level 5 in Shields
 35347 | Orc:2    | Paralysed by an ogre mage for 3 turns
 35840 | Orc:2    | Found Zaocil's Antique Armour Shop.
 35840 | Orc:2    | Found Ulonis's Jewellery Shoppe.
 35888 | Orc:2    | Found a roughly hewn altar of Beogh.
 35902 | Orc:2    | Found Eroinu Buena's Distillery.
 35902 | Orc:2    | Found Lyw Noa's Distillery.
 35912 | Orc:2    | Bought a potion of heal wounds for 65 gold pieces
 36159 | Lair:1   | Bought a scroll of teleportation for 42 gold pieces
 36159 | Lair:1   | Bought a scroll of teleportation for 42 gold pieces
 36264 | Elf:1    | Entered Level 1 of the Elven Halls
 37629 | Elf:1    | Noticed Donald
 37642 | Elf:1    | Killed Donald
 38472 | Lair:1   | Bought a fruit for 21 gold pieces
 38472 | Lair:1   | Bought a royal jelly for 28 gold pieces
 38472 | Lair:1   | Bought 3 fruits for 63 gold pieces
 38472 | Lair:1   | Bought a meat ration for 70 gold pieces
 38472 | Lair:1   | Bought a royal jelly for 28 gold pieces
 38472 | Lair:1   | Bought a royal jelly for 28 gold pieces
 38649 | Temple   | Entered the Ecumenical Temple
 38719 | Temple   | Fell from the grace of Gozag
 38719 | Temple   | Became a worshipper of Cheibriados the Contemplative
 38936 | D:11     | Reached XP level 16. HP: 105/105 MP: 24/26
 39571 | Elf:1    | Reached * piety under Cheibriados
 39731 | Elf:1    | Reached skill level 13 in Unarmed Combat
 40137 | Elf:1    | Reached ** piety under Cheibriados
 40263 | Elf:2    | Reached skill level 1 in Invocations
 40669 | Elf:2    | Reached *** piety under Cheibriados
 41160 | Elf:2    | Found Tagokea's Assorted Antiques.
 41168 | Elf:2    | Bought a scroll of identify for 76 gold pieces
 41168 | Elf:2    | Bought a steaming ruby amulet for 190 gold pieces
 41168 | Elf:2    | Identified the amulet "Halolet" {Reflect Int+3 SH+3} (You bought it in a shop on level 2 of the Elven Halls)
 41245 | Elf:2    | Found a huge runed gate.
 41245 | Elf:2    | Found a huge runed gate.
 41245 | Elf:2    | Found a huge runed gate.
 41245 | Elf:2    | Found a huge runed gate.
 41245 | Elf:2    | Found a huge runed gate.
 41642 | D:12     | Reached **** piety under Cheibriados
 42028 | D:12     | Noticed Nessos
 42035 | D:12     | Killed Nessos
 42108 | D:12     | Reached XP level 17. HP: 68/112 MP: 23/27
 42193 | D:12     | Reached ***** piety under Cheibriados
 42325 | D:12     | Learned a level 3 spell: Regeneration
 42763 | D:13     | Found an opulent altar of Gozag.
 42780 | D:13     | Reached skill level 1 in Necromancy
 42870 | D:13     | Found a basalt altar of Yredelemnul.
 43337 | D:13     | Reached ****** piety under Cheibriados
 43423 | D:14     | Found an iron altar of Okawaru.
 43743 | D:14     | Found a gate to the Vaults.
 43751 | D:14     | Reached skill level 14 in Unarmed Combat
 44250 | D:15     | Entered Level 15 of the Dungeon
 44303 | D:15     | Identified a scroll of acquirement
 44304 | D:15     | Got a transparent lapis lazuli ring
 44305 | D:15     | Identified the ring of Tymissu {rElec MP+9} (You acquired it on level 15 of the Dungeon)
 44387 | D:15     | Reached skill level 10 in Dodging
 44434 | D:15     | Slain by a slime creature

Vault maps used:
D:1:      dpeg_arrival_boxes_within_box
D:2:      grunt_temple_overflow_diamond, serial_bayou_pond_a,
          nicolae_gozag_seed_capital
D:3:      first_bread, minmay_unequal
D:4:      temple_doors_cd, st_stairs_5
D:5:      marbit_many_paths, basic_altar
D:6:      fedhas_altar_2, nicolae_ossuary_entry_ruins
D:7:      serial_shops, shop_fountains, uniq_crazy_yiuf_cottage
D:8:      minmay_statue_hallways, grunt_ogre_cave, hangedman_minor_gate_pass
D:9:      nicolae_overflow_crystal_walls, minmay_strange_pillars
D:11:     minmay_lair_entry_lava, david_orc_3, serial_shops, shop, shop,
          nicolae_shop_behind_doors
D:12:     enter_bailey_2, uniq_nessos
D:13:     basic_altar, lemuel_mausoleum_altar_yredelemnul
D:14:     grunt_vaults_entry_tiered, basic_altar, minivault_26,
          nicolae_two_hexagons
D:15:     hangedman_depths_entry_try_elsewhere_first
Temple:   eino_temple_rhombus
Lair:1:   uniq_gastronok
Lair:2:   grunt_forest_large_clearing_hut
Lair:3:   serial_bayou_shore_b
Lair:4:   cheibrodos_lair_overgrown_chateau, minmay_shoals_entry_lonely_mermaid,
          nicolae_spider_entry_orb_guardian, serial_bayou_shore_b
Lair:5:   basic_altar, lemuel_fruit_fields
Lair:6:   gammafunk_lair_ancient_temple, dpeg_slime_entry_enclosed_altar
Orc:2:    st_orc_ogre_mass, basic_altar, nicolae_orc_lost_temple
Elf:1:    evilmike_minifort, uniq_donald
Elf:2:    serial_shops, nicolae_shop_trees
Ossuary:  ossuary_minmay_four_chambers

Skill      XL: |  1  2  3  4  5  6  7  8  9 10 11 12 13 14 15 16 17 |
---------------+----------------------------------------------------+-----
Unarmed Combat | 4 5 6 7 8 9 10 11 12 13 14 | 14.1
Stealth        | 1 3 4 5 6 7 8 9 10 11 12 13 | 13.2
Poison Magic   | 1 2 3 |  3.1
Transmutations | 3 5 6 7 8 10 11 12 13 | 13.9
Fighting       | 2 3 4 5 6 7 8 9 |  9.5
Dodging        | 3 4 5 6 7 8 9 10 | 10.0
Spellcasting   | 3 4 5 6 7 |  7.0
Evocations     | 1 2 4 |  4.9
Ice Magic      | 2 3 |  3.5
Shields        | 2 3 4 6 7 8 |  8.1
Summonings     | 1 2 |  2.0
Earth Magic    | 4 10 11 | 11.9
Invocations    | 3 4 |  4.5
Necromancy     | 2 |  2.4

Action                   |  1- 3 |  4- 6 |  7- 9 | 10-12 | 13-15 | 16-18 || total
-------------------------+-------+-------+-------+-------+-------+-------++-------
Melee: Unarmed           |    70 |   125 |   344 |   722 |  1013 |   484 ||  2758
       Constrict         |    17 |    31 |    32 |    24 |    54 |    90 ||   248
       Tentacles         |    14 |    27 |    28 |    22 |   116 |   118 ||   325
       Punch             |     2 |     7 |    15 |     8 |    45 |    67 ||   144
       Kick              |     1 |     8 |    20 |     7 |     7 |       ||    43
Throw: Tomahawk          |       |       |       |     2 |     4 |       ||     6
 Cast: Beastly Appendage |     1 |     8 |    14 |    12 |     4 |     1 ||    40
       Sticks to Snakes  |       |     3 |    31 |    47 |    32 |     4 ||   117
       Spider Form       |       |     2 |    25 |    27 |     7 |     1 ||    62
       Ice Form          |       |       |       |    52 |    40 |       ||    92
       Statue Form       |       |       |       |     1 |    69 |    60 ||   130
       Summon Ice Beast  |       |       |       |       |    43 |     6 ||    49
Invok: Potion Petition   |       |       |     1 |     1 |       |       ||     2
       Call Merchant     |       |       |       |     2 |     4 |       ||     6
       Bend Time         |       |       |       |       |       |     2 ||     2
 Abil: End Transformatio |       |       |       |     1 |       |       ||     1
Evoke: Wand              |       |       |       |     7 |     2 |     5 ||    14
  Use: Scroll            |       |     3 |    15 |    15 |    14 |    10 ||    57
       Potion            |       |       |     2 |     8 |     8 |     6 ||    24
 Stab: Sleeping          |     8 |    14 |    13 |    10 |     9 |    12 ||    66
       Distracted        |       |     2 |     2 |     3 |    13 |     2 ||    22
  Eat: Chunk             |     2 |       |       |       |       |    39 ||    41
       Royal jelly       |       |     1 |     3 |     3 |     4 |       ||    11
       Meat ration       |       |     1 |     1 |     5 |     6 |       ||    13
       Bread ration      |       |       |     3 |     3 |    11 |       ||    17
       Fruit             |       |       |       |     8 |    25 |     1 ||    34
Armor: Skin              |     3 |     2 |    12 |   104 |   547 |   241 ||   909
Dodge: Dodged            |    37 |    54 |   210 |   550 |   950 |   522 ||  2323
Block: Buckler           |       |       |       |       |       |   353 ||   353
       Reflection        |       |       |       |       |       |     9 ||     9
       Other             |       |       |       |       |       |     1 ||     1

Table legend:
 A = Spawn XP
 B = Non-spawn XP
 C = Spawn XP percentage of total XP
 D = Spawn monster count
 E = Non-spawn monster count
 F = Spawn count percentage of total count
 G = Total turns spent on level
                    A         B        C        D         E        F      G
               +---------+---------+-------+---------+---------+-------+---------
         Total |   44179 |  168529 |  20.8 |     216 |     756 |  22.2 | 44434
               +---------+---------+-------+---------+---------+-------+---------
           D:1 |      11 |      41 |  21.2 |       3 |      22 |  12.0 |  1212
           D:2 |       7 |      62 |  10.1 |       1 |      16 |   5.9 |   917
           D:3 |      18 |      80 |  18.4 |       4 |      17 |  19.0 |  1232
           D:4 |     118 |     552 |  17.6 |       6 |      25 |  19.4 |  1877
           D:5 |      83 |     556 |  13.0 |       4 |      23 |  14.8 |  1560
           D:6 |     195 |     580 |  25.2 |       4 |      20 |  16.7 |  1772
           D:7 |     998 |    1442 |  40.9 |       6 |      25 |  19.4 |  1748
           D:8 |     516 |    1881 |  21.5 |       7 |      37 |  15.9 |  1455
           D:9 |     589 |    2973 |  16.5 |       8 |      27 |  22.9 |  1832
          D:10 |     800 |    4942 |  13.9 |      10 |      43 |  18.9 |  2404
          D:11 |    5494 |    4704 |  53.9 |      46 |      36 |  56.1 |  3279
          D:12 |    2283 |    9106 |  20.0 |       9 |      38 |  19.1 |   940
          D:13 |    3494 |    6098 |  36.4 |      14 |      43 |  24.6 |   907
          D:14 |    1285 |   10572 |  10.8 |       3 |      31 |   8.8 |   679
          D:15 |     702 |    4683 |  13.0 |       3 |      20 |  13.0 |   184
        Lair:1 |     184 |    2823 |   6.1 |       2 |       9 |  18.2 |  1504
        Lair:2 |     258 |    3966 |   6.1 |       2 |      17 |  10.5 |  1223
        Lair:3 |    1391 |    4521 |  23.5 |       7 |      14 |  33.3 |  1510
        Lair:4 |    3418 |    9604 |  26.2 |      13 |      28 |  31.7 |  3516
        Lair:5 |    4956 |   14919 |  24.9 |      23 |      34 |  40.4 |  4910
        Lair:6 |    3123 |   16594 |  15.8 |      10 |      58 |  14.7 |  2137
         Orc:1 |       0 |    1966 |   0.0 |       0 |      24 |   0.0 |   503
         Orc:2 |     875 |   18511 |   4.5 |      10 |      62 |  13.9 |  2648
         Elf:1 |    9492 |   24797 |  27.7 |      14 |      38 |  26.9 |  2439
         Elf:2 |    3889 |   21903 |  15.1 |       7 |      34 |  17.1 |  1289
       Ossuary |       0 |     653 |   0.0 |       0 |      15 |   0.0 |   676
               +---------+---------+-------+---------+---------+-------+---------
